 Dungeon Crawl Stone Soup version 0.18.1-50-g88ac8fd (webtiles) character file.

75 Nordron the Firebug (level 4, -1/24 HPs)
             Began as a Gargoyle Fire Elementalist on Sept 27, 2016.
             Slain by an adder (2 damage)
             ... on level 2 of the Dungeon.
             The game lasted 00:05:50 (1466 turns).

Nordron the Firebug (Gargoyle Fire Elementalist)    Turns: 1466, Time: 00:05:50

Health: -1/24      AC:  3    Str: 12    XL:     4   Next: 31%
Magic:  2/8        EV: 12    Int: 16    God:
Gold:   99         SH:  0    Dex: 10    Spells: 2 memorised, 5 levels left

rFire  . . .     SeeInvis .     g - +2 dagger (pain)
rCold  . . .     Gourm    .     a - +0 robe
rNeg   + . .     Faith    .     (no shield)
rPois  ∞         Spirit   .     (no helmet)
rElec  +         Dismiss  .     (no cloak)
rCorr  .         Reflect  .     (no gloves)
SustAt .         Harm     .     (no boots)
MR     .....                    (no amulet)
Stlth  ++........               o - -3 ring of protection (curse)
                                d - +1 ring of protection

@: not resistant to hostile enchantments, unstealthy
A: negative energy resistance 1, electricity resistance, unbreathing,
petrification resistance, rot immunity, AC +3
a: no special abilities


You were on level 2 of the Dungeon.
You were not hungry.

You visited 1 branch of the dungeon, and saw 3 of its levels.

You collected 99 gold pieces.

Inventory:

Hand Weapons
 g - a +2 dagger of pain (weapon)
Armour
 a - a +0 robe (worn)
 m - a +0 leather armour of fire resistance
Jewellery
 d - a +1 ring of protection (left hand)
 o - a cursed -3 ring of protection (right hand)
Scrolls
 e - 3 scrolls of identify
Potions
 i - 2 potions of haste
 k - a potion of curing {unknown}
 n - a potion of resistance {unknown}
Books
 b - a book of Flames

   Spells                             Type                      Level
   a - Flame Tongue                   Conjuration/Fire             1
   b - Throw Flame                    Conjuration/Fire             2
   c - Conjure Flame                  Conjuration/Fire             3
   d - Inner Flame                    Hexes/Fire                   3
   e - Sticky Flame                   Conjuration/Fire             4
   f - Fireball                       Conjuration/Fire             5
Comestibles
 c - a bread ration
 f - a chunk of flesh
 h - a meat ration


   Skills:
 - Level 1.5 Dodging
 - Level 2.1 Stealth
 * Level 3.2 Spellcasting
 + Level 2.4 Conjurations
 + Level 3.4 Fire Magic


You had 5 spell levels left.
You knew the following spells:

 Your Spells              Type           Power        Failure   Level  Hunger
a - Flame Tongue          Conj/Fire      ##...        8%          1    None
b - Conjure Flame         Conj/Fire      ##......     17%         3    ###....


Dungeon Overview and Level Annotations

Branches:
Dungeon (3/15)

Altars:


Innate Abilities, Weirdness & Mutations

You are resistant to torment.
Your stone body is resilient (AC +3).
You are immune to poison.
You resist negative energy.
You are resistant to electric shocks.
You can survive without breathing.
You are immune to petrification.
You are immune to rotting.


Message History

The adder bites you.
* * * LOW HITPOINT WARNING * * *
The goblin hits you but does no damage. The adder misses you.
Casting: Flame Tongue
Confirm with . or Enter, or press ? or * to list all spells.
Aiming: Flame Tongue
Press: ? - help, Shift-Dir - straight line, f - goblin
Aim: a goblin, wielding a dagger The flame tongue hits the goblin.
The goblin is heavily wounded.
The goblin hits you with a dagger.
* * * LOW HITPOINT WARNING * * *
The adder closely misses you.
Casting: Flame Tongue
Confirm with . or Enter, or press ? or * to list all spells.
Aiming: Flame Tongue
Press: ? - help, Shift-Dir - straight line, f/p - goblin
Aim: a goblin, wielding a dagger (heavily wounded)
The flame tongue misses the goblin.
The adder bites you.
You die...

######## ##.##
#......######...##
#.###.#.........)####
#.# ##.#####.........
#.# ### ##...#####
#.# ##.## #.# #.#
#.############'##
#.#†@g.....##...## ##
#.#S######.#÷....###.
#.#..## #........##.
#.#...####.........#.
#.......)'.........'.
###...#.##.........#.
#..##.##........##.
#.###.##.#.....###.
#........##...## ##


You could see an adder and a goblin.

Vanquished Creatures
  2 adders (D:2)
  2 dart slugs (D:1)
  4 giant geckos
  3 giant cockroaches (D:1)
  7 goblins
  5 hobgoblins
  4 jackals (D:2)
  A quokka (D:2)
  3 bats
  2 giant newts
  10 kobolds
  4 rats (D:1)
47 creatures vanquished.

Notes
Turn   | Place    | Note
--------------------------------------------------------------
     0 | D:1      | Nordron the Gargoyle Fire Elementalist began the quest for the Orb.
     0 | D:1      | Reached XP level 1. HP: 10/10 MP: 3/3
   112 | D:1      | Reached XP level 2. HP: 15/15 MP: 3/5
   350 | D:1      | Reached XP level 3. HP: 19/19 MP: 4/6
   559 | D:2      | Learned a level 3 spell: Conjure Flame
   874 | D:2      | Reached XP level 4. HP: 16/24 MP: 0/8
  1465 | D:2      | HP: 1/24 [goblin/dagger (3)]
  1466 | D:2      | Slain by an adder

Skill      XL: |  1  2  3 |
---------------+----------+-----
Conjurations   | 2 |  2.4
Spellcasting   | 3 |  3.2
Dodging        | |  1.5
Stealth        | |  2.1
Fire Magic     | |  3.4

Action                   |  1- 3 |  4- 6 || total
-------------------------+-------+-------++-------
Melee: Club              |     3 |       ||     3
       Dagger            |    32 |     6 ||    38
 Cast: Flame Tongue      |    47 |    18 ||    65
  Use: Scroll            |       |     4 ||     4
  Eat: Chunk             |       |     2 ||     2
Armor: Robe              |    19 |     8 ||    27
Dodge: Dodged            |    26 |    19 ||    45
